 Dungeon Crawl Stone Soup version 0.24-a0-441-g27f0392 (webtiles) character file.

23 Bazman the Conjurer (level 2, -3/19 HPs)
             Began as a Mummy Conjurer on Dec 7, 2016.
             Slain by a hobgoblin
             ... wielding a +0 club
              (7 damage)
             ... on level 1 of the Dungeon on June 18, 2019.
             The game lasted 00:26:48 (805 turns).

Bazman the Conjurer (Mummy Conjurer)                 Turns: 805, Time: 00:26:48

Health: -3/19      AC:  2    Str: 11    XL:     2   Next: 72%
Magic:  6/6        EV: 12    Int: 14    God:
Gold:   62         SH:  0    Dex: 12    Spells: 6/7 levels left

rFire    x . .     SeeInvis .   c - +0 whip
rCold    + . .     Gourm    .   (no shield)
rNeg     + + +     Faith    .   a - +0 robe
rPois    ∞         Spirit   .   (no helmet)
rElec    .         Reflect  .   (no cloak)
rCorr    .         Harm     .   (no gloves)
MR       .....                  (no boots)
Stlth    ++........             (no amulet)
HPRegen  0.06/turn              (no ring)
MPRegen  0.10/turn              (no ring)

@: no status effects
A: no food or potions, fire vulnerability, cold resistance 1, negative energy
resistance 3, torment resistance, unbreathing
a: no special abilities


You were on level 1 of the Dungeon.
You were not hungry.

You visited 1 branch of the dungeon, and saw 1 of its levels.

You collected 62 gold pieces.

Inventory:

Hand Weapons
 b - a +0 club
 c - a +0 whip (weapon)
 e - a +0 club
 f - a +0 club
 k - a +0 dagger
Missiles
 d - 54 stones (quivered)
 h - 13 poisoned darts
Armour
 a - a +0 robe (worn)
 l - a +0 robe
Jewellery
 m - an uncursed ring of poison resistance
Scrolls
 g - a scroll of magic mapping
 n - a scroll of remove curse {unknown}
Potions
 j - 2 potions of haste {unknown}
Comestibles
 i - a ration


   Skills:
 + Level 1.6 Dodging
 + Level 1.8 Stealth
 + Level 3.0 Spellcasting
 + Level 3.7 Conjurations


You had 6 spell levels left.
You knew the following spells:

 Your Spells              Type           Power        Failure   Level  Hunger
a - Magic Dart            Conj           ##..         4%          1    N/A

Your spell library contained the following spells:

 Spells                   Type           Power        Failure   Level  Hunger
 Searing Ray              Conj           ##....       7%          2    N/A
 Dazzling Spray           Conj/Hex       #.....       30%         3    N/A
 Iskenderun's Mystic Bla  Conj           ##......     41%         4    N/A
 Force Lance              Conj/Tloc      #.......     69%         4    N/A
 Fulminant Prism          Conj/Hex       #.........   69%         4    N/A

Dungeon Overview and Level Annotations

Branches:
Dungeon (1/15)

Altars:


Innate Abilities, Weirdness & Mutations

You do not eat or drink.
Your flesh is vulnerable to fire.
You are immune to poison.
Your flesh is cold resistant. (rC+)
You are immune to negative energy. (rN+++)
You are immune to unholy pain and torment.
You can survive without breathing.


Message History

You hit the hobgoblin but do no damage.
The hobgoblin is severely wounded.
The hobgoblin closely misses you.
You hit the hobgoblin but do no damage.
The hobgoblin is severely wounded.
The hobgoblin hits you with a +0 club.
* * * LOW HITPOINT WARNING * * *
Wield which item (- for none, * to show all)? (? for menu, Esc to quit)
c - a +0 whip (weapon)
The hobgoblin barely misses you.
You barely miss the hobgoblin.
The hobgoblin is severely wounded.
The hobgoblin misses you.
You completely miss the hobgoblin.
The hobgoblin is severely wounded.
The hobgoblin closely misses you.
You hit the hobgoblin but do no damage.
The hobgoblin is severely wounded.
The hobgoblin hits you with a +0 club!
You die...

****,**,,,,############.##.
*,,,,........,.># #.##.
*,,,,,......,...#######.##.
*,,,,,,.........+........#.
*,,,,,,,........#######.)#.
****,*,,,..##........#.....
*,*,*##.........#.#...#.
*,#.##............#...#.
*,#...g@..........#...#.
*,#####...........#...#.
*,................†.....
**#####.........#####.#.
#...............#.
#.........#######.
#.........# #.#.
#.........#* #...
####.......####.##


You could see a hobgoblin.

Vanquished Creatures
  2 dart slugs (D:1)
  2 bats (D:1)
  2 giant cockroaches (D:1)
  3 goblins (D:1)
  2 hobgoblins (D:1)
  2 frilled lizards (D:1)
  5 rats (D:1)
18 creatures vanquished.

Notes
Turn   | Place    | Note
-------+----------+-------------------------------------------
     0 | D:1      | Bazman the Mummy Conjurer began the quest for the Orb.
     0 | D:1      | Reached XP level 1. HP: 13/13 MP: 3/3
   191 | D:1      | Reached XP level 2. HP: 18/19 MP: 0/5
   355 | D:1      | Upgraded the game from 0.24-a0-439-g6dd8730 to
                  | 0.24-a0-441-g27f0392
   805 | D:1      | Slain by a hobgoblin

Levels and vault maps discovered:
D:1:      dpeg_arrival_leaves_temple_mockup

Skill      XL: |  1  2 |
---------------+-------+-----
Spellcasting   | 3 |  3.0
Dodging        | |  1.6
Stealth        | |  1.8
Conjurations   | |  3.7

Action                   || total
-------------------------++-------
Melee: Unarmed           ||    22
       Club              ||    22
       Whip              ||    16
Throw: Stone             ||     4
 Cast: Magic Dart        ||    18
  Use: Scroll            ||     2
 Stab: Sleeping          ||     1
Armor: Robe              ||    11
Dodge: Dodged            ||    40

Table legend:
 A = Non-vault XP
 B = Vault XP
 C = Vault XP percentage of total XP
 D = Non-vault monster count
 E = Vault monster count
 F = Vault count percentage of total count
                 A         B        C        D         E       F
            +---------+---------+-------+---------+---------+-------
      Total |       0 |       0 |   N/A |       0 |       0 |  -nan
            +---------+---------+-------+---------+---------+-------
            +---------+---------+-------+---------+---------+-------
